AoeStats
← Panzerkore

Arabia

505142246Analyzed
1v1 RM · 25d ago on Sep 8, 2026· 54m 20s· 2 players
Game mode
Random Map
Map size
Tiny (2 player)
Population
200
Speed
Normal
Resources
Standard
Victory
Conquest
Starting age
Dark Age
Ending age
Imperial Age
RankedLock teamsTeams togetherTeam positionsShared explorationLock speedFull tech treeHidden civsTurbo modeCheats
Victory
Defeat
🇨🇦 Japanese · Canada
992
+15
🇺🇸 Turks · United States
968
-15
Panzerkore
4:27 Loom
10:10 Feudal Age
10:54 Double-Bit Axe
23:02 Castle Age
21:06 Fletching
42:15 Gold Mining
50:42 Ballistics
51:24 Town Watch
52:55 Sipahi
52:09 Crossbowman
Woozle
8:01 Loom
10:22 Feudal Age
11:04 Man-at-Arms
13:03 Double-Bit Axe
14:30 Horse Collar
16:31 Fletching
19:11 Gold Mining
20:29 Arson
21:35 Scale Mail Armor
21:36 Padded Archer Armor
21:51 Forging
23:38 Stone Mining
29:32 Castle Age
29:49 Long Swordsman
30:30 Squires
30:46 Chain Mail Armor
31:12 Iron Casting
30:25 Elite Skirmisher
31:27 Gambesons
33:01 Leather Archer Armor
33:54 Bodkin Arrow
38:11 Wheelbarrow
49:00 Hand Cart
49:04 Heavy Plow
49:22 Bow Saw
50:41 Town Watch
51:57 Town Patrol
Connection lost

Rejoining the realm…

Still unreachable

The connection could not be restored.

Session expired

The server has moved on; the page needs a fresh start.